 Dungeon Crawl Stone Soup version 0.29.1-15-g9cfb28693d (webtiles) character file.

Game seed: 16645976921017608849

17276 Sharkman1231 the Arsonist (level 12, -5/94 HPs)
             Began as a Green Draconian Fire Elementalist on Apr 15, 2023.
             Was the Champion of Makhleb.
             Slain by a minotaur
             ... wielding a +0 vorpal great sword
              (21 damage)
             ... in a Gauntlet.
             The game lasted 00:27:44 (14796 turns).

Sharkman1231 the Arsonist (DrFE)                   Turns: 14796, Time: 00:27:45

Health: -5/94      AC: 12    Str: 10 (12) XL:     12   Next: 17%
Magic:  7/24       EV: 19    Int: 15 (16) God:    Makhleb [******]
Gold:   738        SH:  5    Dex: 17 (19) Spells: 21/27 levels left

rFire   + . .      SeeInvis +   a - +7 sling of Analysis {freeze, SInv}
rCold   . . .      Faith    .   (no shield)
rNeg    . . .      Spirit   .   (body armour unavailable)
rPois   +          Reflect  +   F - +2 hat
rElec   .          Harm     .   C - +0 cloak
rCorr   .          Rampage  .   e - +0 pair of gloves
Will    .....      Clarity  +   (no boots)
Stlth   +++....... NoTele   +   E - amulet of reflection
HPRegen 0.25/turn               b - +4 ring of evasion
MPRegen 0.19/turn               f - ring "Gurauri" {rF+ Str+2 Dex+2 Stlth+}

@: short of breath, weak-willed
A: breathe noxious fumes, AC +8, unfitting armour, poison resistance,
cold-blooded, talons 1, clarity
a: Breathe Noxious Fumes, Renounce Religion, Minor Destruction, Lesser Servant
of Makhleb, Major Destruction, Greater Servant of Makhleb


You were in a Gauntlet.
You worshipped Makhleb.
Makhleb was exalted by your worship.
You visited 2 branches of the dungeon, and saw 12 of its levels.
You also visited: Gauntlet.

You collected 738 gold pieces.

Inventory:

Hand Weapons
 a - the +7 sling of Analysis (weapon) {freeze, SInv}
   (You found it on level 5 of the Dungeon)

   Any ammunition fired from it freezes those it strikes, dealing additional
   cold damage.
   It can also slow down cold-blooded creatures.
   SInv:      It lets you see invisible.
 r - a +0 flail of protection
 s - a +1 dagger of draining
 T - the +4 dagger of Xiamm {vamp, rF+ Int+2}
   (You found it in a Gauntlet)

   It occasionally heals its wielder for a portion of the damage dealt when it
   wounds a living foe.
   Int:       It affects your intelligence (+2).
   rF:        It protects you from fire.
Missiles
 x - 124 stones
 P - a throwing net
Armour
 e - a +0 pair of gloves (worn)
 C - a +0 cloak (worn)
 F - a +2 hat (worn)
Jewellery
 b - a +4 ring of evasion (left hand)
 f - the ring "Gurauri" (right hand) {rF+ Str+2 Dex+2 Stlth+}
   (You found it in a Gauntlet)

   [ring of protection from fire]

   Str:       It affects your strength (+2).
   Dex:       It affects your dexterity (+2).
   rF:        It protects you from fire.
   Stlth:     It makes you more stealthy.
 p - a ring of protection from cold
 y - the ring "Nayth" {rF- rN+++ Will+ Dex+8 Slay-2}
   (You found it on level 6 of the Dungeon)

   [ring of willpower]

   Dex:       It affects your dexterity (+8).
   Slay:      It affects your accuracy & damage with ranged weapons and melee
   (-2).
   rF:        It makes you vulnerable to fire.
   rN:        It renders you almost immune to negative energy.
   Will:      It increases your willpower.
 A - an amulet of the acrobat
 E - an amulet of reflection (around neck)
 R - a ring of wizardry
 S - the amulet of Lorphofe {Spirit Harm +Blink rPois Will-}
   (You took it off an orc wizard on level 10 of the Dungeon)

   [amulet of guardian spirit]

   It causes incoming damage to be divided between your reserves of health and
   magic.
   rPois:     It protects you from poison.
   +Blink:    It lets you blink.
   Harm:      It increases damage dealt and taken.
   Will:      It decreases your willpower.
Wands
 u - a wand of flame (42)
 I - a wand of paralysis (2)
 K - a wand of roots (1)
 O - a wand of mindburst (1)
Scrolls
 c - 2 scrolls of enchant weapon
 h - a scroll of silence
 i - 2 scrolls of noise
 j - a scroll of amnesia
 k - 3 scrolls of vulnerability
 l - 2 scrolls of butterflies
 m - 3 scrolls of teleportation {unknown}
 w - 5 scrolls of poison
 z - 2 scrolls of magic mapping
 D - 3 scrolls of enchant armour {unknown}
 N - a scroll of fear {unknown}
 Q - a scroll of immolation {unknown}
 U - a scroll of summoning {unknown}
Potions
 d - a potion of heal wounds
 g - 10 potions of curing
 n - 3 potions of flight
 q - a potion of might
 t - a potion of attraction
 B - 2 potions of brilliance
 H - 2 potions of haste
 J - a potion of ambrosia
 L - a potion of mutation


   Skills:
 - Level 5.0 Fighting
 - Level 8.0 Ranged Weapons
 + Level 6.4 Dodging
 - Level 1.7 Stealth
 - Level 8.0 Spellcasting
 - Level 8.0 Conjurations
 - Level 12.0 Fire Magic


You had 21 spell levels left.
You knew the following spells:

 Your Spells              Type           Power      Damage    Failure   Level
b - Scorch                Fire           84%        2d9       1%          2
c - Flame Wave            Conj/Fire      36%        2d10      1%          4

Your spell library contained the following spells:

 Spells                   Type           Power      Damage    Failure   Level
 Foxfire                  Conj/Fire      100%       2x1d9     1%          1
 Conjure Flame            Conj/Fire      36%        6-21      1%          3
 Inner Flame              Hex/Fire       24%        N/A       3%          3
 Stone Arrow              Conj/Erth      36%        3d9       7%          3
 Beastly Appendage        Tmut           12%        N/A       12%         1
 Freeze                   Ice            24%        1d5       12%         1
 Sandblast                Erth           12%        2d6       12%         1
 Ensorcelled Hibernation  Hex/Ice        12%        N/A       19%         2
 Passwall                 Tmut/Erth      5%         N/A       19%         2
 Wereblood                Tmut           6%         N/A       19%         2
 Hailstorm                Conj/Ice       18%        3d6       22%         4
 Frozen Ramparts          Ice            12%        1d2       34%         3
 Ozocubu's Armour         Ice            6%         N/A       34%         3
 Spider Form              Tmut/Pois      6%         N/A       34%         3
 Swiftness                Air            6%         N/A       34%         3
 Blade Hands              Tmut           3%         N/A       97%         5
 Iron Shot                Conj/Erth      9%         9d3       98%         6
 Ozocubu's Refrigeration  Ice            3%         4d8       100%        7
 Animate Armour           Summ/Erth      Unusable   N/A       N/A         4

Dungeon Overview and Level Annotations

Branches:
Dungeon (11/15)            Temple (1/1) D:6            Lair (0/5) D:10
    Orc (0/2) D:10        Gauntlet (1/1)

Altars:
Ashenzari
Cheibriados
Dithmenos
Elyvilon
Fedhas
Gozag
Hepliaklqana
Kikubaaqudgha
Makhleb
Nemelex Xobeh
Okawaru
Qazlal
Ru
Sif Muna
Trog
Uskayaw
Vehumet
Wu Jian
Xom
Yredelemnul
Zin
The Shining One

Annotations:
Gauntlet 6 transporters, 1 runed translucent door


Innate Abilities, Weirdness & Mutations

You can breathe blasts of noxious fumes.
Your lurid green scales are hard. (AC +8)
You cannot fit into any form of body armour.
Your system is resistant to poisons. (rPois)
You are cold-blooded and may be slowed by cold attacks.
You have sharp toenails.
You possess an exceptional clarity of mind.


Message History

The minotaur is heavily wounded.
The flame wave engulfs your butterfly!
You kill your butterfly!
Your butterfly disappears in a burst of colours! (Press . to intensify the flame waves.) Unknown command.
A wave of flame ripples out!
The flame wave engulfs the minotaur but does no damage.
The minotaur is heavily wounded.
The minotaur hits you with a +0 vorpal great sword.
The minotaur misses you.
The minotaur hits itself but does no damage.
The minotaur gores itself.
Really fire at your butterfly?
Okay, then.
You stop channeling waves of flame.
Casting: Flame Wave (mildly dangerous; 1% risk of failure)
Confirm with . or Enter, or press ? or * to list all spells.
Flames lash the minotaur.
The minotaur is burned terribly!
The minotaur is heavily wounded.
The minotaur seems less confused.
The minotaur hits you with a +0 vorpal great sword!
The minotaur gores you!
* * * LOW HITPOINT WARNING * * *
You feel much better. The minotaur completely misses you.
The minotaur gores you but does no damage.
As you read the scroll labelled CEN QEIXZIF, it crumbles to dust.
Magic quickly surges around you.
It was a scroll of vulnerability.
Your butterfly disappears in a burst of colours!
The minotaur hits you with a +0 vorpal great sword!
* * * LOW HITPOINT WARNING * * *
x2 The minotaur gores you.
* * * LOW HITPOINT WARNING * * *
Unknown command.
Aiming: Paralyse
Press: ? - help, Shift-Dir - straight line, f - minotaur
Aim: a minotaur, wielding a +0 vorpal great sword, wearing a +0 plate armour, wearing a +4 ring of evasion and quivering javelins (heavily wounded, weak-willed, more vulnerable to fire, ally target, chance to affect: 23%)
The minotaur resists with almost no effort.
The minotaur hits you with a +0 vorpal great sword!!
You die...

#§..#..(.©"!..#..#...©...#..
##..###########..#########..
#≈..............∩.........§§
##.......................§§§
##≈#≈#≈#≈#≈########≈#§#≈#§#
###########.b..©.#########
######......#####
#...bbbb.b......#
#...@Hb.b.......#
##.##.##.##.##.## #
#.##.##.##.## ............#
#.##.##.##.### #. #.##.##.#
.. ....... '###.##. . #. .#


You could see a minotaur (weak-willed, combustible, ally target).

Vanquished Creatures
  2 hydras
  Erolcha (D:9)
  A two-headed ogre (D:9)
  A cyclops (D:6)
  An elephant (D:10)
  Psyche (D:9)
  Prince Ribbit (D:8)
  2 centaur simulacra (Gauntlet)
  13 flying skulls (Gauntlet)
  Sigmund (D:10)
  13 yaks
  A vampire (D:9)
  2 wyverns
  Grum (D:9)
  2 basilisks (D:10)
  7 humans (D:10)
  A neqoxec (Gauntlet)
  A chaos spawn (Gauntlet)
  A warg (D:6)
  2 acid dragons (D:10)
  9 orc warriors
  2 ice beasts
  A sky beast (D:6)
  2 black bears (D:7)
  12 ogres
  4 wolves (D:9)
  3 centaurs
  3 phantoms (D:10)
  3 kobold brigands (D:6)
  5 bullfrogs
  4 gnoll sergeants
  A hornet simulacrum (Gauntlet)
  14 killer bees
  9 howler monkeys
  2 gnoll boudas
  18 orc priests
  13 hounds
  A jelly (D:3)
  Ijyb (D:10)
  An iguana (D:3)
  17 orc wizards
  6 ogre zombies (D:10)
  Robin (D:3)
  24 gnolls
  6 adders
  A shadow imp (D:6)
  2 white imps (D:8)
  2 worms
  6 dart slugs
  37 orcs
  4 bats (D:1)
  6 endoplasms
  2 giant cockroaches
  12 goblins
  9 hobgoblins
  7 jackals
  2 quokkas
  3 ball pythons
  2 frilled lizards
  A goblin skeleton (D:10)
  4 goblin zombies (D:10)
  A hobgoblin skeleton (D:10)
  3 hobgoblin zombies (D:10)
  12 kobolds
  An orc skeleton (D:10)
  9 orc zombies (D:10)
  4 rats
347 creatures vanquished.

Vanquished Creatures (others)
  131 foxfires
  10 fungi
  15 plants
  4 toadstools (D:1)
160 creatures vanquished.

Grand Total: 507 creatures vanquished

Notes
Turn   | Place    | Note
-------+----------+-------------------------------------------
     0 | D:1      | Sharkman1231 the Draconian Fire Elementalist began the
                  | quest for the Orb.
     0 | D:1      | Reached XP level 1. HP: 14/14 MP: 3/3
   323 | D:1      | Reached XP level 2. HP: 7/20 MP: 1/5
   544 | D:1      | Learned a level 2 spell: Scorch
  1560 | D:2      | Reached XP level 3. HP: 26/26 MP: 2/6
  1925 | D:2      | Reached skill level 4 in Fire Magic
  2101 | D:2      | Found a faded altar of an unknown god.
  2101 | D:2      | Noticed a rust devil
  2243 | D:2      | Reached XP level 4. HP: 33/33 MP: 2/7
  2739 | D:2      | Found a faded altar of an unknown god.
  2966 | D:3      | Noticed Robin
  3138 | D:3      | Killed Robin
  3274 | D:3      | Reached XP level 5. HP: 38/38 MP: 5/9
  3910 | D:3      | Reached skill level 5 in Fire Magic
  4180 | D:3      | Reached XP level 6. HP: 17/45 MP: 7/10
  5137 | D:4      | Found a hazy altar of Hepliaklqana.
  5402 | D:5      | Entered Level 5 of the Dungeon
  5469 | D:5      | Found a bloodstained altar of Trog.
  5477 | D:5      | Identified the +7 sling of Analysis {freeze, SInv}
  5494 | D:5      | Noticed an ice beast
  5509 | D:5      | Killed an ice beast
  5633 | D:5      | Reached skill level 6 in Fire Magic
  5774 | D:5      | Found a radiant altar of Vehumet.
  5886 | D:5      | Your scales start taking on a lurid green colour.
  5886 | D:5      | Reached XP level 7. HP: 50/50 MP: 5/12
  5886 | D:5      | Gained mutation: Your system is resistant to poisons.
                  | (rPois) [Green Draconian growth]
  6550 | D:6      | Found a staircase to the Ecumenical Temple.
  6561 | Temple   | Entered the Ecumenical Temple
  6788 | Temple   | Became a worshipper of Makhleb the Destroyer
  6922 | D:6      | Reached skill level 1 in Ranged Weapons
  7004 | D:6      | Identified the ring "Nayth" {rF- rN+++ Will+ Dex+8 Slay-2}
  7015 | D:6      | Found a white marble altar of Elyvilon.
  7094 | D:6      | Reached skill level 7 in Fire Magic
  7094 | D:6      | Reached XP level 8. HP: 57/57 MP: 0/14
  7270 | D:6      | Reached skill level 5 in Conjurations
  7354 | D:6      | Reached * piety under Makhleb
  7476 | D:6      | Reached skill level 8 in Fire Magic
  7540 | D:6      | Reached skill level 5 in Spellcasting
  7764 | D:6      | Reached XP level 9. HP: 46/62 MP: 7/16
  7840 | D:6      | Noticed a cyclops
  7857 | D:6      | Killed a cyclops
  7858 | D:6      | Reached skill level 9 in Fire Magic
  8083 | D:6      | Reached ** piety under Makhleb
  8662 | D:6      | Reached skill level 10 in Fire Magic
  8940 | D:7      | Learned a level 4 spell: Flame Wave
  9019 | D:7      | Reached XP level 10. HP: 69/69 MP: 5/19
  9219 | D:7      | Found a glowing golden altar of the Shining One.
  9247 | D:7      | Noticed a four-headed hydra
  9391 | D:7      | Killed a four-headed hydra
  9392 | D:7      | Reached skill level 5 in Ranged Weapons
 10287 | D:8      | Noticed Prince Ribbit
 10303 | D:8      | Killed Prince Ribbit
 10400 | D:8      | Reached *** piety under Makhleb
 10594 | D:8      | Noticed a four-headed hydra
 10611 | D:8      | Killed a four-headed hydra
 10612 | D:8      | Reached skill level 11 in Fire Magic
 10901 | D:8      | Found an ornate altar of the Wu Jian Council.
 11232 | D:9      | Noticed Erolcha
 11316 | D:9      | Noticed Psyche
 11429 | D:9      | Killed Erolcha
 11430 | D:9      | Reached skill level 1 in Fighting
 11528 | D:9      | Found an iron altar of Okawaru.
 11552 | D:9      | Found an ancient bone altar of Kikubaaqudgha.
 11566 | D:9      | Reached XP level 11. HP: 72/77 MP: 15/21
 11572 | D:9      | Noticed a two-headed ogre
 11599 | D:9      | Killed a two-headed ogre
 11640 | D:9      | Reached **** piety under Makhleb
 11648 | D:9      | Noticed Grum
 11658 | D:9      | Killed Grum
 11969 | D:9      | Reached skill level 12 in Fire Magic
 12165 | D:9      | Killed Psyche
 12284 | D:10     | Entered Level 10 of the Dungeon
 12354 | D:10     | Reached ***** piety under Makhleb
 12394 | D:10     | Found a staircase to the Orcish Mines.
 12716 | D:10     | Noticed Ijyb
 12718 | D:10     | Noticed Sigmund
 12726 | D:10     | Killed Ijyb
 12746 | D:10     | Reached skill level 5 in Fighting
 12768 | D:10     | Killed Sigmund
 13587 | D:10     | Identified the amulet of Lorphofe {Spirit Harm +Blink rPois
                  | Will-}
 13649 | D:10     | Found a staircase to the Lair.
 13659 | D:10     | Found an opulent altar of Gozag.
 14062 | D:11     | Found a gate leading to a gauntlet.
 14065 | Gauntlet | Entered a Gauntlet
 14065 | Gauntlet | Found a transporter.
 14065 | Gauntlet | Found a runed translucent door.
 14065 | Gauntlet | Found a runed translucent door.
 14065 | Gauntlet | Found a transporter.
 14075 | Gauntlet | Found a transporter.
 14078 | Gauntlet | Found a transporter.
 14089 | Gauntlet | Found a transporter.
 14089 | Gauntlet | Found a transporter.
 14097 | Gauntlet | Found a transporter.
 14115 | Gauntlet | Found a transporter.
 14120 | Gauntlet | Found a transporter.
 14123 | Gauntlet | Found a transporter.
 14134 | Gauntlet | Found a transporter.
 14136 | Gauntlet | Found a transporter.
 14185 | Gauntlet | Noticed a quicksilver ooze
 14292 | Gauntlet | Gained mutation: You are dopey. (Int -2) [a neqoxec]
 14298 | Gauntlet | Gained mutation: Your body sometimes deteriorates upon
                  | taking damage. [a neqoxec]
 14341 | Gauntlet | Identified the +4 dagger of Xiamm {vamp, rF+ Int+2}
 14502 | Gauntlet | Reached XP level 12. HP: 77/94 MP: 7/24
 14503 | Gauntlet | Reached skill level 5 in Dodging
 14519 | Gauntlet | Reached ****** piety under Makhleb
 14536 | Gauntlet | Identified the ring "Gurauri" {rF+ Str+2 Dex+2 Stlth+}
 14750 | Gauntlet | Lost mutation: You are dopey. (Int -2) [potion of mutation]
 14750 | Gauntlet | Lost mutation: Your body sometimes deteriorates upon taking
                  | damage. [potion of mutation]
 14750 | Gauntlet | Gained mutation: You have sharp toenails. [potion of
                  | mutation]
 14750 | Gauntlet | Gained mutation: You possess an exceptional clarity of
                  | mind. [potion of mutation]
 14759 | Gauntlet | Noticed a minotaur
 14796 | Gauntlet | Slain by a minotaur

Illustrated notes

Levels and vault maps discovered:
D:1:      ldierk_walled_garden_2, layout_basic, nicolae_eternal_life
D:2:      layout_loops_ring, dreamdust_ecumenical_altar_sealed_demon
D:3:      layout_loops_corners, uniq_robin
D:4:      layout_cave_pools, nicolae_overflow_crystal_walls, chequers_big_river
D:5:      layout_cave_pools, overflow_temple_1_default, lemuel_round_altar
D:6:      lemuel_castle_with_subvaults [lemuel_castle_interior_carwin_3],
          layout_loops_ring, lemuel_round_altar,
          minmay_temple_entry_purple_smoke
D:7:      layout_layer_cave, mainiacjoe_overflow_boulevard, minmay_microvault
D:8:      layout_basic, lemuel_doored_altar, uniq_prince_ribbit1
D:9:      layout_cave_pools, kennysheep_okawaru_gauntlet, lemuel_round_altar,
          serial_column_ruins, column_ruins_square_medium, column_ruins_hut,
          column_ruins_open_tiny, column_ruins_grid_4, column_ruins_corridor_T,
          column_ruins_open_tiny, uniq_erolcha, uniq_grum, uniq_psyche
D:10:     erik_cavepeople, layout_loops_ring, nicolae_gozag_seed_capital,
          david_lair_generic, zombieorc1_lemuel
D:11:     layout_long_grid, gauntlet_entry_generic, uniq_fannar
Temple:   nicolae_temple_figure_eight
Gauntlet: minmay_gauntlet_mixed_big_or_small [gammafunk_gauntlet_arena_split_x,
          minmay_gauntlet_arena_77_shame_cube, nicolae_gauntlet_arena_x,
          minmay_gauntlet_arena_77_box, gammafunk_gauntlet_arena_hedges,
          minmay_gauntlet_arena_77_broken_ladder, gauntlet_exit_green]

Skill      XL: |  1  2  3  4  5  6  7  8  9 10 11 12 |
---------------+-------------------------------------+-----
Conjurations   | 2 3 4 5 6 7 8 |  8.0
Fire Magic     | 4 5 6 7 8 10 11 12 | 12.0
Spellcasting   | 3 4 5 6 7 8 |  8.0
Ranged Weapons | 1 3 4 6 8 |  8.0
Fighting       | 1 5 |  5.0
Dodging        | 4 6 |  6.4
Stealth        | |  1.7

Action                   |  1- 3 |  4- 6 |  7- 9 | 10-12 || total
-------------------------+-------+-------+-------+-------++-------
Melee: Unarmed           |    62 |       |       |       ||    62
       Tailslap          |     6 |    11 |       |    22 ||    39
       Flail             |     5 |    47 |       |    59 ||   111
       Dagger            |       |    79 |       |    21 ||   100
       Punch             |       |     2 |       |       ||     2
       Sling             |       |       |     1 |       ||     1
 Fire: Sling             |       |       |   141 |   210 ||   351
 Cast: Foxfire           |    35 |    36 |     5 |     1 ||    77
       Scorch            |    14 |    38 |    78 |    77 ||   207
       Flame Wave        |       |       |     1 |    42 ||    43
 Abil: Breathe Noxious F |       |       |    10 |    17 ||    27
Evoke: Wand              |       |       |       |     4 ||     4
  Use: Potion            |       |     2 |     1 |    15 ||    18
       Scroll            |       |     6 |     1 |     8 ||    15
 Stab: Sleeping          |     1 |       |       |       ||     1
       Confused          |       |       |       |     1 ||     1
Armor: Skin              |    20 |    40 |    17 |   107 ||   184
Dodge: Dodged            |    88 |   159 |    60 |   275 ||   582
Block: Other             |       |       |       |    70 ||    70
       Reflection        |       |       |       |     2 ||     2
